 Dungeon Crawl Stone Soup version 0.28.0-43-g3370ac3207 (webtiles) character file.

Game seed: 3144992901550896850

4 Hara the Caller (level 1, 0/10 HPs)
             Began as a Deep Elf Summoner on Mar 24, 2022.
             Slain by a quokka (4 damage)
             ... on level 1 of the Dungeon.
             The game lasted 00:02:28 (138 turns).

Hara the Caller (Deep Elf Summoner)                  Turns: 138, Time: 00:02:29

Health: 0/10       AC:  2    Str:  5    XL:     1   Next: 50%
Magic:  1/6        EV: 12    Int: 19    God:
Gold:   0          SH:  0    Dex: 15    Spells: 5/6 levels left

rFire   . . .      SeeInvis .   (no weapon)
rCold   . . .      Faith    .   (no shield)
rNeg    . . .      Spirit   .   a - +0 robe
rPois   .          Reflect  .   (no helmet)
rElec   .          Harm     .   (no cloak)
rCorr   .          Rampage  .   (no gloves)
Will    .....                   (no boots)
Stlth   ++........              (no amulet)
HPRegen 0.03/turn               (no ring)
MPRegen 0.10/turn               (no ring)

@: no status effects
A: no striking features
a: no special abilities


You were on level 1 of the Dungeon.
You visited 1 branch of the dungeon, and saw 1 of its levels.

Inventory:

Missiles
 b - 7 sling bullets
Armour
 a - a +0 robe (worn)


   Skills:
 + Level 2.4 Dodging
 + Level 2.4 Stealth
 + Level 3.0 Spellcasting
 + Level 4.6 Summonings


You had 5 spell levels left.
You knew the following spells:

 Your Spells              Type           Power      Damage    Failure   Level
a - Summon Small Mammal   Summ           80%        N/A       2%          1

Your spell library contained the following spells:

 Spells                   Type           Power      Damage    Failure   Level
 Call Imp                 Summ           20%        N/A       3%          2
 Call Canine Familiar     Summ           20%        N/A       7%          3
 Summon Guardian Golem    Hex/Summ       11%        N/A       19%         3
 Summon Lightning Spire   Summ/Air       11%        N/A       52%         4


Dungeon Overview and Level Annotations

Branches:
Dungeon (1/15)

Altars:


Message History

The quokka barely misses your quokka.
Your quokka closely misses the quokka.
The quokka barely misses your quokka.
Your quokka bites the quokka but does no damage.
Casting: Summon Small Mammal (safe; 2% risk of failure)
Confirm with . or Enter, or press ? or * to list all spells.
The quokka misses your quokka.
Your quokka closely misses the quokka.
The quokka barely misses your quokka.
Your quokka closely misses the quokka.
The quokka closely misses your quokka.
Your quokka bites the quokka.
The quokka bites your quokka.
Your quokka dies!
Your quokka's corpse disappears in a puff of smoke!
The quokka bites your rat.
Your rat dies!
Your rat's corpse disappears in a puff of smoke!
Casting: Summon Small Mammal (safe; 2% risk of failure)
Confirm with . or Enter, or press ? or * to list all spells.
You don't know that spell.
Casting: Summon Small Mammal (safe; 2% risk of failure)
Confirm with . or Enter, or press ? or * to list all spells.
The quokka misses your bat.
Your bat hits the quokka but does no damage.
The quokka twitches its whiskers.
Your bat closely misses the quokka.
The quokka completely misses you.
Your bat closely misses the quokka.
You hit the quokka but do no damage.
The quokka is almost dead.
Your bat hits the quokka but does no damage.
The quokka misses you.
You barely miss the quokka.
The quokka is almost dead.
Your bat barely misses the quokka.
The quokka bites you. The quokka closely misses you.
You miss the quokka.
The quokka is almost dead.
The quokka bites you.
Your bat barely misses the quokka.
You barely miss the quokka.
The quokka is almost dead.
Your bat closely misses the quokka.
Your bat barely misses the quokka.
The quokka bites you.
You die...

.######†####..##.≈..
#.# #.#.#.≈.#
#.####.##.$≈.#
#####..........≈.#
#..........##..≈.#
#.########## #.P..
#.# #.≈⌠≈ #.## #....
#@r###########..##
#.b........)....#
#.#############.#
#.# .>. #.# ##. #.#
. #.# #.# #.#


You could see a quokka (ally target) and a friendly bat (summoned).

Vanquished Creatures (collateral kills)
  A goblin (D:1)
  2 hobgoblins (D:1)
3 creatures vanquished.

Notes
Turn   | Place    | Note
-------+----------+-------------------------------------------
     0 | D:1      | Hara the Deep Elf Summoner began the quest for the Orb.
     0 | D:1      | Reached XP level 1. HP: 10/10 MP: 6/6
   138 | D:1      | Slain by a quokka

Illustrated notes

Levels and vault maps discovered:
D:1:      lemuel_arrival_broad_hall, layout_loops_ring,
          shapermc_ecumenical_altar_acropolis, minmay_misc_feat_alley,
          minmay_pentomino_r4

Action                   || total
-------------------------++-------
Melee: Unarmed           ||     4
 Cast: Summon Small Mamm ||    13
Dodge: Dodged            ||     3
